 Dungeon Crawl Stone Soup version 0.23-a0-681-g26ad783 (webtiles) character file.

141 Firecrotchwizard the Distorting Demonspawn (level 5, -5/42 HPs)
             Began as a Demonspawn Abyssal Knight on Jan 11, 2019.
             Was a Believer of Lugonu.
             Slain by Grinder (7 damage)
             ... on level 3 of the Dungeon.
             The game lasted 00:06:00 (1612 turns).

Firecrotchwizard the Distorting Demonspawn (DsAK)   Turns: 1612, Time: 00:06:01

Health: -5/42      AC:  7    Str: 17    XL:     5   Next: 3%
Magic:  7/7        EV: 10    Int: 18    God:    Lugonu [**....]
Gold:   91         SH:  0    Dex: 12    Spells: 4/4 levels left

rFire    . . .     SeeInvis .   a - +1 falchion
rCold    . . .     Gourm    .   (no shield)
rNeg     . . .     Faith    .   s - +0 ring mail
rPois    .         Spirit   .   r - +0 helmet
rElec    .         Reflect  .   (no cloak)
rCorr    .         Harm     .   (no gloves)
MR       .....                  o - +0 pair of boots
Stlth    +.........             (no amulet)
HPRegen  0.14/turn              t - +3 ring of strength
MPRegen  0.10/turn              (no ring)

@: brilliant
A: claws 1, powered by death 2
a: Depart the Abyss, Bend Space, Renounce Religion


You were on level 3 of the Dungeon.
You worshipped Lugonu.
Lugonu was pleased with you.
You were not hungry.

You visited 1 branch of the dungeon, and saw 3 of its levels.
You visited the Abyss 1 time.

You collected 91 gold pieces.

Inventory:

Hand Weapons
 a - a +1 falchion (weapon)
 l - a +0 dagger of venom
   (You found it on level 1 of the Dungeon)
Armour
 b - a +0 leather armour
 i - a +0 plate armour
   (You found it on level 1 of the Dungeon)
 o - a +0 pair of boots (worn)
   (You found it on level 2 of the Dungeon)
 r - a +0 helmet (worn)
   (You took it off Robin on level 1 of the Dungeon)
 s - a +0 ring mail (worn)
   (You took it off a goblin on level 1 of the Dungeon)
Jewellery
 t - a +3 ring of strength (left claw)
   (You found it on level 2 of the Dungeon)
Scrolls
 g - 2 scrolls of fear {unknown}
 h - 3 scrolls of identify
 j - 3 scrolls of remove curse
 k - a scroll of immolation {unknown}
 p - a scroll of fog {unknown}
Potions
 d - a potion of flight {unknown}
 e - a potion of cancellation {unknown}
 m - a potion of resistance {unknown}
 n - a potion of lignification {unknown}
 q - a potion of mutation {unknown}
Comestibles
 c - 3 rations
 f - a chunk of flesh {@w0}


   Skills:
 + Level 3.8 Fighting
 * Level 3.6 Long Blades
 - Level 1.7 Armour
 - Level 0.8 Dodging
 + Level 3.9 Invocations


You had 4 spell levels left.
You didn't know any spells.
Your spell library was empty.

Dungeon Overview and Level Annotations

Branches:
Dungeon (3/15)

Altars:

Annotations:
D:3 Grinder


Innate Abilities, Weirdness & Mutations

You have sharp fingernails.
You regenerate health from kills.


Message History

A leopard gecko is nearby!
The leopard gecko barely misses you.
You riposte.
You closely miss the leopard gecko. You closely miss the leopard gecko.
The leopard gecko barely misses you.
You riposte.
You completely miss the leopard gecko. You closely miss the leopard gecko.
The leopard gecko bites you but does no damage.
You hit the leopard gecko. The leopard gecko closely misses you.
The leopard gecko bites you but does no damage.
You closely miss the leopard gecko. The leopard gecko closely misses you.
You closely miss the leopard gecko.
The leopard gecko bites you but does no damage.
The leopard gecko bites you.
You take 3 damage, and have 39/42 hp.
You hit the leopard gecko. The leopard gecko barely misses you.
You barely miss the leopard gecko. The leopard gecko barely misses you.
You hit the leopard gecko.
You kill the leopard gecko!
Lugonu accepts your kill.
No target in view!
No target in view!
No target in view!
You butcher the leopard gecko corpse.
f - 7 chunks of flesh {@w0} (gained 1)
You see here a leopard gecko skeleton. x2
t - a bronze ring You feel stronger.
t - a +3 ring of strength (left claw) Some of the chunks of flesh in your inventory have rotted away.
You see here a leopard gecko skeleton.
Done exploring.
Health restored: 42 Done exploring.
Done exploring.
Search for what [Enter for "arm", or ? for help]? arm
(D) Dungeon
Where to? (Enter - D:2, ? - help)
There is a stone staircase leading down here.
You climb downwards.
Found a stone staircase leading up.
There is a stone staircase leading up here.
u - a bubbling brown potion Some of the chunks of flesh in your inventory have rotted away.
Eating one of 2 chunks of flesh {@w0}.
You eat one of the 2 chunks of flesh {@w0}.
c - 3 rations (gained 1) Grinder comes into view.
Grinder says, "I used to sell toenails on the black market."
You aren't carrying any items that you can evoke.
Okay, then.
Okay, then.
Grinder blinks!
Grinder blinks!
Grinder gestures at you. Pain shoots through your body!
You take 14 damage, and have 28/42 hp.
MASSIVE DAMAGE!!
You closely miss Grinder. Grinder gestures at you.
You resist with significant effort.
You slash Grinder! Grinder barely misses you.
You riposte.
You closely miss Grinder. You closely miss Grinder. Grinder barely misses you.
You barely miss Grinder. Grinder hits you.
You writhe in agony.
You take 6 damage, and have 23/42 hp.
You slash Grinder! Grinder barely misses you.
You barely miss Grinder. Grinder hits you but does no damage.
You hit Grinder but do no damage. Grinder hits you.
You writhe in agony.
You take 5 damage, and have 19/42 hp.
You closely miss Grinder. Grinder gestures at you.
You suddenly lose the ability to move!
Grinder completely misses you.
You can move again.
You hit Grinder.
Grinder blinks!
Grinder hits you!
* * * LOW HITPOINT WARNING * * *
You writhe in agony.
* * * LOW HITPOINT WARNING * * *
You take 11 damage, and have 8/42 hp.
MASSIVE DAMAGE!!
You hit Grinder but do no damage. Grinder hits you but does no damage.
You hit Grinder but do no damage. Grinder misses you.
You riposte.
You hit Grinder but do no damage.
Your ring mail prevents you from hitting Grinder.
Grinder hits you but does no damage.
You closely miss Grinder. Grinder hits you but does no damage.
You slash Grinder! Grinder barely misses you.
You hit Grinder. Grinder hits you.
* * * LOW HITPOINT WARNING * * *
You writhe in agony.
* * * LOW HITPOINT WARNING * * *
You take 8 damage, and have 1/42 hp.
Unknown command.
You don't have enough health at the moment.
It was a potion of brilliance.
You feel clever all of a sudden. Grinder barely misses you.
You hit Grinder. Grinder hits you!
You die...

........ .........
..#####.. ##.#...#..
######### #..#...#..
#...#P.P# #..#.P.#..
###############..#####.+
................@.......
###############..5....#.
# #...#P.P# ##.....#.. #
######### ##...## # #+##
# # # #


You could see Grinder.

Vanquished Creatures
  Robin (D:1)
  4 gnolls
  An adder (D:2)
  2 worms (D:2)
  6 dart slugs
  A leopard gecko (D:2)
  6 bats
  13 goblins
  7 hobgoblins
  6 kobolds
  5 frilled lizards
  19 rats
71 creatures vanquished.

Notes
Turn   | Place    | Note
-------+----------+-------------------------------------------
     0 | Abyss:1  | Firecrotchwizard the Demonspawn Abyssal Knight began the
                  | quest for the Orb.
     0 | Abyss:1  | Reached XP level 1. HP: 18/18 MP: 2/2
    31 | Abyss:1  | Found a corrupted altar of Lugonu.
    84 | Abyss:1  | Noticed a raiju
    85 | D:1      | Escaped the Abyss
   109 | D:1      | Reached skill level 2 in Long Blades
   116 | D:1      | Gained mutation: You regenerate a little health from kills.
                  | [demonic ancestry]
   116 | D:1      | Reached XP level 2. HP: 20/24 MP: 4/4
   301 | D:1      | Reached * piety under Lugonu
   324 | D:1      | Reached skill level 3 in Invocations
   336 | D:1      | Reached XP level 3. HP: 25/29 MP: 5/5
   737 | D:2      | Reached skill level 3 in Long Blades
   955 | D:2      | Reached ** piety under Lugonu
   963 | D:1      | Gained mutation: You regenerate health from kills. [demonic
                  | ancestry]
   963 | D:1      | Reached XP level 4. HP: 21/35 MP: 6/6
  1004 | D:2      | Noticed Robin
  1025 | D:1      | Killed Robin
  1309 | D:2      | Gained mutation: You have sharp fingernails. [demonic
                  | ancestry]
  1309 | D:2      | Reached XP level 5. HP: 42/42 MP: 7/7
  1584 | D:3      | Noticed Grinder
  1600 | D:3      | Paralysed by Grinder for 2 turns
  1604 | D:3      | HP: 8/42 [Grinder (3)]
  1610 | D:3      | HP: 7/42 [Grinder (2)]
  1610 | D:3      | HP: 1/42 [Grinder (6)]
  1612 | D:3      | Slain by Grinder

Vault maps used:
D:1:      erik_arrival_orb_chamber, minmay_pentomino_s4
D:2:      uniq_robin
D:3:      serial_aquarium, aquarium_bridge_square, aquarium_window_fake,
          aquarium_window_corridor_1, aquarium_view_2b, aquarium_view_2f,
          aquarium_balcony_1b, aquarium_pool_1, first_ration, uniq_grinder
Abyss:1:  lemuel_flamethrower_3

Skill      XL: |  1  2  3 |
---------------+----------+-----
Long Blades    | 2 3 |  3.6
Invocations    | 3 |  3.9
Fighting       | |  3.8
Armour         | |  1.7
Dodging        | |  0.8

Action                   |  1- 3 |  4- 6 || total
-------------------------+-------+-------++-------
Melee: Falchion          |    97 |    95 ||   192
Invok: Depart the Abyss  |     1 |       ||     1
  Use: Scroll            |       |     2 ||     2
       Potion            |       |     1 ||     1
 Stab: Sleeping          |     2 |       ||     2
  Eat: Chunk             |       |     3 ||     3
Armor: Leather armour    |    47 |     4 ||    51
       Ring mail         |       |    27 ||    27
Dodge: Dodged            |    89 |    54 ||   143
       Rpst.: Falchion   |    32 |    17 ||    49

Table legend:
 A = Non-vault XP
 B = Vault XP
 C = Vault XP percentage of total XP
 D = Non-vault monster count
 E = Vault monster count
 F = Vault count percentage of total count
                 A         B        C        D         E       F
            +---------+---------+-------+---------+---------+-------
      Total |     156 |      46 |  22.8 |      48 |      23 |  32.4
            +---------+---------+-------+---------+---------+-------
        D:1 |      54 |      35 |  39.3 |      23 |      17 |  42.5
        D:2 |     102 |      11 |   9.7 |      25 |       6 |  19.4
            +---------+---------+-------+---------+---------+-------

Vault maps used:
D:1:      erik_arrival_orb_chamber, minmay_pentomino_s4
D:2:      uniq_robin
D:3:      serial_aquarium, aquarium_bridge_square, aquarium_window_fake,
          aquarium_window_corridor_1, aquarium_view_2b, aquarium_view_2f,
          aquarium_balcony_1b, aquarium_pool_1, first_ration, uniq_grinder
Abyss:1:  lemuel_flamethrower_3

Table legend:
 A = Turns spent in this place as a percentage of turns spent in the entire game.
 B = Non-inter-level travel turns spent in this place as a percentage of non-inter-level travel turns spent in the entire game.
 C = Inter-level travel turns spent in this place as a percentage of turns spent in this place.
 D = Turns resting spent in this place as a percentage of non-inter-level travel turns spent in this place.
 E = Turns spent auto-exploring this place as a percentage of non-inter-level travel turns spent in this place.
 F = Non-inter-level travel turns spent in this place divided by the number of levels of this place that you've seen.
                   A       B       C       D       E      F
               +-------+-------+-------+-------+-------+----------------------
         Total | 100.0 | 100.0 |   7.3 |  16.9 |  49.5 | 373.5
       Dungeon |  94.7 |  94.3 |   7.7 |  17.9 |  52.0 | 469.7
         Abyss |   5.3 |   5.7 |   0.0 |   0.0 |   8.2 |  85.0
               +-------+-------+-------+-------+-------+----------------------

Table legend:
 A = Kills in this place as a percentage of kills in entire the game.
 B = Kills by you in this place as a percentage of kills by you in the entire game.
 C = Kills by friends in this place as a percentage of kills by friends in the entire game.
 D = Other kills in this place as a percentage of other kills in the entire game.
 E = Experience gained in this place as a percentage of experience gained in the entire game.
 F = Experience gained in this place divided by the number of levels of this place that you have seen.
                   A       B       C       D       E      F
               +-------+-------+-------+-------+-------+----------------------
         Total | 100.0 | 100.0 |   N/A |   N/A | 100.0 |  50.5
       Dungeon | 100.0 | 100.0 |   N/A |   N/A | 100.0 |  67.3
               +-------+-------+-------+-------+-------+----------------------
